 Dungeon Crawl Stone Soup version 0.17-a0-1129-g5854844 (webtiles) character file.

42 nuthulu the Firebug (level 3, -5/19 HPs)
             Began as a Deep Elf Fire Elementalist on May 24, 2015.
             Slain by a gnoll
             ... wielding a +0 halberd
              (14 damage)
             ... on level 2 of the Dungeon.
             The game lasted 00:11:19 (1294 turns).

nuthulu the Firebug (Deep Elf Fire Elementalist)    Turns: 1294, Time: 00:11:20

Health: -5/19      AC:  3    Str:  5    XL:     3   Next: 33%
Magic:  0/9        EV: 13    Int: 20    God:
Gold:   129        SH:  0    Dex: 15    Spells: 3 memorised, 2 levels left

rFire  . . .     SeeInvis .     g - +0 short sword
rCold  . . .     Clarity  .     a - +1 robe
rNeg   . . .     SustAt   .     (no shield)
rPois  .         Gourm    .     (no helmet)
rElec  .         Spirit   .     (no cloak)
rCorr  .         Warding  .     (no gloves)
rMut   .         Stasis   .     (no boots)
MR     .....                    (no amulet)
Stlth  ++........               (no ring)
                                (no ring)

@: not resistant to hostile enchantments, unstealthy
A: no striking features
a: no special abilities


You were on level 2 of the Dungeon.
You were not hungry.

You visited 1 branch of the dungeon, and saw 2 of its levels.

You collected 129 gold pieces.

Inventory:

Hand weapons
 g - a +0 short sword (weapon)
Armour
 a - a +1 robe (worn)
Scrolls
 d - 2 scrolls of identify
Books
 b - a book of Flames

   Spells                             Type                      Level
   a - Flame Tongue                   Conjuration/Fire             1
   b - Throw Flame                    Conjuration/Fire             2
   c - Conjure Flame                  Conjuration/Fire             3
   d - Inner Flame                    Hexes/Fire                   3
   e - Sticky Flame                   Conjuration/Fire             4
   f - Fireball                       Conjuration/Fire             5


   Skills:
 * Level 2.6 Dodging
 - Level 2.4 Stealth
 * Level 3.4 Spellcasting
 + Level 1.4 Conjurations
 * Level 4.4 Fire Magic


You had 2 spell levels left.
You knew the following spells:

 Your Spells              Type           Power        Failure   Level  Hunger
a - Flame Tongue          Conj/Fire      ###..        4%          1    None
b - Throw Flame           Conj/Fire      ###...       10%         2    ##.....
c - Conjure Flame         Conj/Fire      ###.....     14%         3    ###....


Dungeon Overview and Level Annotations

Branches:
Dungeon (2/15)

Altars:
Ashenzari


Message History

You hit the gnoll but do no damage.
The gnoll is lightly wounded.
The gnoll misses you. The gnoll barely misses you.
You hit the gnoll but do no damage.
The gnoll is lightly wounded.
The gnoll hits you from afar with a halberd!
Ouch! That really hurt!
* * * LOW HITPOINT WARNING * * *
The gnoll closely misses you.
You feel better. The gnoll closely misses you. The gnoll barely misses you.
Unknown command.
Casting: Flame Tongue
Confirm with . or Enter, or press ? or * to list all spells.
Okay, then.
You barely miss the gnoll.
The gnoll is lightly wounded.
The gnoll closely misses you.
The gnoll hits you from afar with a halberd!
Ouch! That really hurt!
You die...

*******,*
*,****,**,*#.....†...
*,,,,,*,*
*,,,,,,**,*#..#######
*,***,*,*************,*#..#
#. *,,,,,,,,,,,,,,,,*
*,*#..# #.
*,,,,,*,,,,,*,,,,* *,*#..#
#.
*,****,,,,*,*,*******,*#..#
#.
*,,,,,,****,,,,,,,,,,,*#..#
#. *****,,*
***,##########..# #. * *,,*
*,#.@g........# #. * *,,*
*,#.#########.# #. *****,,*
*>#g# #g# ## ,,,,,,,* *,#g#
#g# ******,* *,#g# #.#
*,******,#.#########>#
*,,,,,,,,#.=.gg......#
********,#.###########
**###


You could see 4 gnolls.

Vanquished Creatures
  An ooze (D:2)
  A giant gecko (D:2)
  2 giant cockroaches
  A goblin (D:1)
  7 hobgoblins
  7 jackals
  4 bats
  2 giant newts
  4 kobolds (D:1)
  4 rats (D:1)
33 creatures vanquished.

Notes
Turn   | Place    | Note
--------------------------------------------------------------
     0 | D:1      | nuthulu the Deep Elf Fire Elementalist began the quest for the Orb.
     0 | D:1      | Reached XP level 1. HP: 10/10 MP: 6/6
   154 | D:1      | Found a shattered altar of Ashenzari.
   185 | D:1      | Reached XP level 2. HP: 15/15 MP: 4/8
   198 | D:1      | Learned a level 2 spell: Throw Flame
   396 | D:1      | Reached skill level 4 in Fire Magic
   864 | D:2      | Reached XP level 3. HP: 19/19 MP: 4/9
   872 | D:2      | Learned a level 3 spell: Conjure Flame
  1294 | D:2      | Slain by a gnoll

Vault maps used:
D:1:      mrwooster_arrival_statue, evilmike_ruin_ashenzari
D:2:      cheibriados_altar_1, first_bread

Action                   || total
-------------------------++-------
Melee: Unarmed           ||     1
       Short sword       ||    19
 Cast: Flame Tongue      ||    39
       Throw Flame       ||    21
       Conjure Flame     ||     1
  Use: Scroll            ||     6
       Potion            ||     2
  Eat: Bread ration      ||     1
